TOP OF THE 1ST |
Key West Barracudas batting - Pitching for BlackIron Dragons : RHP Bill McKinney
|
Pitching: RHP Bill McKinney
|
|
Batting: SHB Rodney Birling
|
0-0: Foul Ball, location: 2F 0-1: Ball 1-1: Called Strike 1-2: Strikes out swinging
|
Batting: RHB Zander Tremblett
|
0-0: Called Strike 0-1: Ball 1-1: Ball 2-1: Foul Ball, location: 2F 2-2: Strikes out looking
|
Batting: RHB Carlos Miranda
|
0-0: Ball 1-0: Ball 2-0: Foul Ball, location: 2F 2-1: Ball 3-1: Base on Balls
|
Batting: RHB Ramiro Gámez
|
0-0: Ball 1-0: Called Strike 1-1: SINGLE (Flyball, 78S) Carlos Miranda to second Runner from 2nd tries for 3rd, SAFE, throw made to third
|
Batting: RHB Luther Stoffels
|
Pickoff Throw to First - Out!
|
Top of the 1st over - 0 run(s), 1 hit(s), 0 error(s), 0 left on base; Key West 0 - BlackIron 0 |
BOTTOM OF THE 1ST |
BlackIron Dragons batting - Pitching for Key West Barracudas : LHP Lynn White
|
Pitching: LHP Lynn White
|
|
Batting: RHB Joaquín Rosales
|
0-0: Ground out 1-3 (Groundball, 23)
|
Batting: RHB Boyd Pittman
|
0-0: Foul Ball, location: 2F 0-1: Ball 1-1: SINGLE (Line Drive, 89S)
|
Batting: RHB José Colón
|
0-0: Ball 1-0: Swinging Strike 1-1: SINGLE (Groundball, 6MD) Boyd Pittman to second Runner from 2nd tries for 3rd, SAFE, no throw or cutoff
|
Batting: LHB Leonard Young
|
0-0: Foul Ball, location: 2F 0-1: Ball 1-1: Ball 2-1: Called Strike 2-2: Strikes out looking
|
Batting: RHB Leroy Jamison
|
0-0: Called Strike 0-1: Fly out, F3 (Popup, 3)
|
Bottom of the 1st over - 0 run(s), 2 hit(s), 0 error(s), 2 left on base; Key West 0 - BlackIron 0 |
TOP OF THE 2ND |
Key West Barracudas batting - Pitching for BlackIron Dragons : RHP Bill McKinney
|
Batting: RHB Luther Stoffels
|
0-0: Called Strike 0-1: Ball 1-1: Ball 2-1: Foul Ball, location: 2F 2-2: Ball 3-2: Base on Balls
|
Batting: LHB Jake Wells
|
0-0: Called Strike 0-1: Ball 1-1: Ball 2-1: Fielders Choice at 2nd, 4-6 (Groundball, 34)
|
Batting: RHB Kenny Cole
|
0-0: Ball 1-0: Called Strike 1-1: Foul Ball, location: 2F 1-2: Strikes out swinging
|
Batting: RHB Victor Baker
|
0-0: Ball 1-0: Ball 2-0: Called Strike 2-1: Foul Ball, location: 2F 2-2: Strikes out swinging
|
Top of the 2nd over - 0 run(s), 0 hit(s), 0 error(s), 1 left on base; Key West 0 - BlackIron 0 |
BOTTOM OF THE 2ND |
BlackIron Dragons batting - Pitching for Key West Barracudas : LHP Lynn White
|
Batting: RHB Edgardo Carrasco
|
0-0: Called Strike 0-1: Ball 1-1: Ground out 6-3 (Groundball, 6M)
|
Batting: LHB Donnie Cunningham
|
0-0: Foul Ball, location: 2F 0-1: Fly out, F8 (Flyball, 8RM)
|
Batting: LHB Culley Vaughan
|
0-0: Ball 1-0: SINGLE (Flyball, 8LS)
|
Batting: RHB Alfredo Rangel
|
0-0: Ball 1-0: Called Strike 1-1: Ball 2-1: Fly out, F8 (Flyball, 8LD)
|
Bottom of the 2nd over - 0 run(s), 1 hit(s), 0 error(s), 1 left on base; Key West 0 - BlackIron 0 |
TOP OF THE 3RD |
Key West Barracudas batting - Pitching for BlackIron Dragons : RHP Bill McKinney
|
Batting: LHB Motoki Hirata
|
0-0: Called Strike 0-1: Foul Ball, location: 2F 0-2: Ball 1-2: SINGLE (Line Drive, 89M)
|
Batting: SHB Rodney Birling
|
0-0: Ball 1-0: Called Strike 1-1: Foul Ball, location: 2F 1-2: Ball 2-2: Ball 3-2: Foul Ball, location: 2F 3-2: Foul Ball, location: 2F 3-2: Foul Ball, location: 2F 3-2: Base on Balls Motoki Hirata to second
|
Batting: RHB Zander Tremblett
|
0-0: Ball 1-0: Called Strike 1-1: SINGLE (Line Drive, 4D) Motoki Hirata to third Rodney Birling to second Throwing error, E9 Motoki Hirata scores Rodney Birling to third Zander Tremblett to second
|
Batting: RHB Carlos Miranda
|
0-0: Called Strike 0-1: Ball 1-1: Called Strike 1-2: Ball 2-2: Strikes out swinging
|
Batting: RHB Ramiro Gámez
|
0-0: Ball 1-0: Ball 2-0: Fly out, F9 (Flyball, 9S)
|
Batting: RHB Luther Stoffels
|
0-0: Called Strike 0-1: Fly out, F3 (Popup, 3F)
|
Top of the 3rd over - 1 run(s), 2 hit(s), 1 error(s), 2 left on base; Key West 1 - BlackIron 0 |
BOTTOM OF THE 3RD |
BlackIron Dragons batting - Pitching for Key West Barracudas : LHP Lynn White
|
Batting: RHB Joaquín Rosales
|
0-0: Fly out, F9 (Flyball, 89M)
|
Batting: RHB Boyd Pittman
|
0-0: Called Strike 0-1: Foul Ball, location: 2F 0-2: Fly out, F2 (Popup, 2RF)
|
Batting: RHB José Colón
|
0-0: Ball 1-0: Ball 2-0: Ground out 1-3 (Groundball, 23)
|
Bottom of the 3rd over - 0 run(s), 0 hit(s), 0 error(s), 0 left on base; Key West 1 - BlackIron 0 |
TOP OF THE 4TH |
Key West Barracudas batting - Pitching for BlackIron Dragons : RHP Bill McKinney
|
Batting: LHB Jake Wells
|
0-0: Ball 1-0: Fly out, F8 (Line Drive, 8LM)
|
Batting: RHB Kenny Cole
|
0-0: Ball 1-0: Swinging Strike 1-1: Ball 2-1: Ball 3-1: Foul Ball, location: 2F 3-2: Base on Balls
|
Pitching: RHP Luis Canseco
|
|
Batting: RHB Victor Baker
|
0-0: Ball 1-0: Ball Throwing error on steal attempt, E2 Kenny Cole to third 2-0: Ball 3-0: Called Strike 3-1: Swinging Strike 3-2: Ground out 6-3 (Groundball, 6M) Kenny Cole scores
|
Batting: LHB Motoki Hirata
|
0-0: Swinging Strike 0-1: Called Strike 0-2: Strikes out swinging
|
Top of the 4th over - 1 run(s), 0 hit(s), 1 error(s), 0 left on base; Key West 2 - BlackIron 0 |
BOTTOM OF THE 4TH |
BlackIron Dragons batting - Pitching for Key West Barracudas : LHP Lynn White
|
Batting: LHB Leonard Young
|
0-0: Ball 1-0: SINGLE (Line Drive, 4MD)
|
Batting: RHB Leroy Jamison
|
0-0: Called Strike 0-1: Ball 1-1: Fly out, F8 (Flyball, 8RS)
|
Batting: RHB Edgardo Carrasco
|
0-0: Ball Leonard Young is caught stealing 2nd base 1-0: Ground out 5-3 (Groundball, 5)
|
Bottom of the 4th over - 0 run(s), 1 hit(s), 0 error(s), 0 left on base; Key West 2 - BlackIron 0 |
TOP OF THE 5TH |
Key West Barracudas batting - Pitching for BlackIron Dragons : RHP Luis Canseco
|
Batting: SHB Rodney Birling
|
0-0: Called Strike 0-1: Ball 1-1: Ball 2-1: Ball 3-1: Base on Balls
|
Batting: RHB Zander Tremblett
|
0-0: Ball 1-0: Foul Ball, location: 2F 1-1: Ball 2-1: Called Strike 2-2: Grounds into double play, 5-4-3 (Groundball, 5L)
|
Batting: RHB Carlos Miranda
|
0-0: Ball 1-0: SINGLE (Line Drive, 89S)
|
Batting: RHB Ramiro Gámez
|
0-0: Ball 1-0: Ball 2-0: Ball 3-0: Base on Balls Carlos Miranda to second
|
Batting: RHB Luther Stoffels
|
0-0: Called Strike 0-1: Ground out 5-3 (Groundball, 5)
|
Top of the 5th over - 0 run(s), 1 hit(s), 0 error(s), 2 left on base; Key West 2 - BlackIron 0 |
BOTTOM OF THE 5TH |
BlackIron Dragons batting - Pitching for Key West Barracudas : LHP Lynn White
|
Batting: LHB Donnie Cunningham
|
0-0: Called Strike 0-1: Ground out 4-3 (Groundball, 4M)
|
Batting: LHB Culley Vaughan
|
0-0: Ground out 6-3 (Groundball, 6)
|
Batting: RHB Alfredo Rangel
|
0-0: Called Strike 0-1: Ball 1-1: SINGLE (Flyball, 8LS)
|
Batting: RHB Joaquín Rosales
|
0-0: Called Strike 0-1: Swinging Strike 0-2: Ball 1-2: DOUBLE (Flyball, 8RXD) Alfredo Rangel to third Runner from 3rd tries for Home, SAFE, no throw or cutoff
|
Batting: RHB Boyd Pittman
|
0-0: Ball 1-0: Ball 2-0: Called Strike 2-1: Called Strike 2-2: Ball 3-2: Base on Balls
|
Batting: RHB José Colón
|
0-0: Ball 1-0: Foul Ball, location: 2F 1-1: Swinging Strike 1-2: Strikes out swinging
|
Bottom of the 5th over - 1 run(s), 2 hit(s), 0 error(s), 2 left on base; Key West 2 - BlackIron 1 |
TOP OF THE 6TH |
Key West Barracudas batting - Pitching for BlackIron Dragons : RHP Luis Canseco
|
Batting: LHB Jake Wells
|
0-0: Ball 1-0: Called Strike 1-1: Ball 2-1: Foul Ball, location: 2F 2-2: Ball 3-2: Strikes out looking
|
Pitching: LHP Frederick Cesti
|
|
Batting: RHB Kenny Cole
|
0-0: Foul Ball, location: 2F 0-1: Foul Ball, location: 2F 0-2: Foul Ball, location: 2F 0-2: Ball 1-2: Ground out 5-3 (Groundball, 5L)
|
Batting: RHB Victor Baker
|
0-0: Called Strike 0-1: Swinging Strike 0-2: Ball 1-2: Reached on error, E5 (Groundball, 56S)
|
Batting: LHB Motoki Hirata
|
0-0: Called Strike 0-1: SINGLE (Groundball, 34D) (infield hit) Victor Baker to third
|
Batting: SHB Rodney Birling
|
0-0: Foul Ball, location: 2F Pickoff Throw to First - Out!
|
Top of the 6th over - 0 run(s), 1 hit(s), 1 error(s), 0 left on base; Key West 2 - BlackIron 1 |
BOTTOM OF THE 6TH |
BlackIron Dragons batting - Pitching for Key West Barracudas : LHP Lynn White
|
Batting: LHB Leonard Young
|
0-0: Called Strike 0-1: Foul Ball, location: 2F 0-2: Ball 1-2: Ball 2-2: Strikes out swinging
|
Batting: RHB Leroy Jamison
|
0-0: Ball 1-0: SINGLE (Groundball, 3D)
|
Batting: RHB Edgardo Carrasco
|
0-0: Foul Ball, location: 2F 0-1: Ball 1-1: Ball 2-1: Swinging Strike 2-2: Strikes out swinging
|
Pitching: RHP Gerald Núñez
|
|
Batting: LHB Donnie Cunningham
|
0-0: Ball Leroy Jamison steals 2nd base 1-0: Ball 2-0: Foul Ball, location: 2F 2-1: Ground out U3 (Groundball, 3)
|
Bottom of the 6th over - 0 run(s), 1 hit(s), 0 error(s), 1 left on base; Key West 2 - BlackIron 1 |
TOP OF THE 7TH |
Key West Barracudas batting - Pitching for BlackIron Dragons : LHP Frederick Cesti
|
Batting: SHB Rodney Birling
|
0-0: Called Strike 0-1: Foul Ball, location: 2F 0-2: Ball 1-2: Ground out 5-3 (Groundball, 5)
|
Batting: RHB Zander Tremblett
|
0-0: Called Strike 0-1: Ground out 4-3 (Groundball, 34)
|
Batting: RHB Carlos Miranda
|
0-0: Fly out, F8 (Flyball, 8RXD)
|
Top of the 7th over - 0 run(s), 0 hit(s), 0 error(s), 0 left on base; Key West 2 - BlackIron 1 |
BOTTOM OF THE 7TH |
BlackIron Dragons batting - Pitching for Key West Barracudas : RHP Gerald Núñez
|
Batting: LHB Culley Vaughan
|
0-0: Ball 1-0: Ball 2-0: Foul Ball, location: 2F 2-1: Foul Ball, location: 2F 2-2: Foul Ball, location: 2F 2-2: Foul Ball, location: 2F 2-2: Strikes out swinging
|
Batting: RHB Alfredo Rangel
|
0-0: Called Strike 0-1: Ball 1-1: Foul Ball, location: 2F 1-2: Strikes out swinging
|
Batting: RHB Joaquín Rosales
|
0-0: Ball 1-0: Called Strike 1-1: Swinging Strike 1-2: Ball 2-2: Ball 3-2: Base on Balls
|
Batting: RHB Boyd Pittman
|
0-0: Ball 1-0: Called Strike 1-1: Fly out, F7 (Flyball, 7M)
|
Bottom of the 7th over - 0 run(s), 0 hit(s), 0 error(s), 1 left on base; Key West 2 - BlackIron 1 |
TOP OF THE 8TH |
Key West Barracudas batting - Pitching for BlackIron Dragons : LHP Frederick Cesti
|
Batting: RHB Ramiro Gámez
|
0-0: Ball 1-0: Ground out 6-3 (Groundball, 6)
|
Pitching: RHP Johnathan McJannett
|
|
Batting: RHB Luther Stoffels
|
0-0: Fly out, F4 (Line Drive, 4)
|
Batting: LHB Jake Wells
|
0-0: Ball 1-0: Fly out, F7 (Flyball, 7M)
|
Top of the 8th over - 0 run(s), 0 hit(s), 0 error(s), 0 left on base; Key West 2 - BlackIron 1 |
BOTTOM OF THE 8TH |
BlackIron Dragons batting - Pitching for Key West Barracudas : RHP Gerald Núñez
|
Pitching: LHP José Morán
|
|
Batting: RHB José Colón
|
0-0: Called Strike 0-1: Ground out 1-3 (Groundball, 13S)
|
Pitching: LHP Connor Bond
|
|
Batting: LHB Leonard Young
|
0-0: Ball 1-0: Ball 2-0: Called Strike 2-1: Called Strike 2-2: Ground out 4-3 (Groundball, 4)
|
Pitching: LHP Alfredo González
|
|
Batting: RHB Leroy Jamison
|
0-0: Ball 1-0: SINGLE (Line Drive, 3D)
|
Batting: RHB Edgardo Carrasco
|
0-0: Ball 1-0: Foul Ball, location: 2F 1-1: Called Strike 1-2: Foul Ball, location: 2F 1-2: Strikes out swinging
|
Bottom of the 8th over - 0 run(s), 1 hit(s), 0 error(s), 1 left on base; Key West 2 - BlackIron 1 |
TOP OF THE 9TH |
Key West Barracudas batting - Pitching for BlackIron Dragons : RHP Johnathan McJannett
|
Batting: RHB Kenny Cole
|
0-0: Ball 1-0: Called Strike 1-1: Ball 2-1: Foul Ball, location: 2F 2-2: Foul Ball, location: 2F 2-2: Ball 3-2: Foul Ball, location: 2F 3-2: Foul Ball, location: 2F 3-2: Foul Ball, location: 2F 3-2: Foul Ball, location: 2F 3-2: Fly out, F4 (Line Drive, 4M)
|
Batting: RHB Victor Baker
|
0-0: Called Strike 0-1: Foul Ball, location: 2F 0-2: Ball 1-2: Foul Ball, location: 2F 1-2: Strikes out swinging
|
Batting: LHB Motoki Hirata
|
0-0: Ball 1-0: Called Strike 1-1: Ball 2-1: Swinging Strike 2-2: Ball 3-2: Base on Balls
|
Pinch Hitting: LHB Arturo López
|
0-0: Ball 1-0: Ball 2-0: Swinging Strike 2-1: Foul Ball, location: 2F 2-2: Strikes out looking
|
Top of the 9th over - 0 run(s), 0 hit(s), 0 error(s), 1 left on base; Key West 2 - BlackIron 1 |
BOTTOM OF THE 9TH |
BlackIron Dragons batting - Pitching for Key West Barracudas : LHP Alfredo González
|
Pitching: LHP Rubén Rojas
|
|
Now at SS: Richard Sanders
|
|
Pinch Hitting: RHB Brian Jackson
|
0-0: Ball 1-0: Foul Ball, location: 2F 1-1: Swinging Strike 1-2: Ball 2-2: Strikes out swinging
|
Pinch Hitting: RHB Gil Palmer
|
0-0: Ball 1-0: Called Strike 1-1: Ball 2-1: Ball 3-1: Base on Balls
|
Batting: RHB Alfredo Rangel
|
0-0: Ball 1-0: Foul Ball, location: 2F 1-1: Fly out, F9 (Flyball, 9D) Runner from 1st tags up, SAFE at 2nd
|
Batting: RHB Joaquín Rosales
|
0-0: Ball 1-0: Foul Ball, location: 2F 1-1: Swinging Strike 1-2: Strikes out looking
|
Bottom of the 9th over - 0 run(s), 0 hit(s), 0 error(s), 1 left on base; Key West 2 - BlackIron 1 |
|